 Dungeon Crawl Stone Soup version 0.30-a0-779-g7971cf1 (webtiles) character file.

Game seed: 3700609685472814540

4079 Illumine the Fighter (level 10, -7/66 HPs)
             Began as a Gargoyle Fighter on Feb 17, 2023.
             Was an Elder of Okawaru.
             Mangled by a red ugly thing (13 damage)
             ... on level 9 of the Dungeon.
             The game lasted 00:12:56 (7561 turns).

Illumine the Fighter (Gargoyle Fighter)             Turns: 7561, Time: 00:12:57

Health: -7/66      AC: 19    Str: 24    XL:     10   Next: 25%
Magic:  11/11      EV:  8    Int: 12    God:    Okawaru [****..]
Gold:   460        SH:  5    Dex: 12    Spells: 9/9 levels left

rFire   . . .      SeeInvis .    I - +2 demon trident (vamp)
rCold   . . .      Faith    .    c - +0 buckler
rNeg    + + +      Spirit   .    h - +0 chain mail
rPois   ∞          Reflect  .    H - +1 helmet of Ymoh {rN++ Int+3 Dex+3}
rElec   +          Harm     .    (no cloak)
rCorr   .          Rampage  .    (no gloves)
Will    +....                    (no boots) Stlth
                                 (no amulet)
HPRegen 0.31/turn                J - ring of positive energy
MPRegen 0.12/turn                g - ring of willpower

@: about to teleport
A: sickness immunity, AC +7, negative energy resistance 1, electricity
resistance, torment resistance 1, petrification resistance
a: Renounce Religion, Heroism, Finesse


You were on level 9 of the Dungeon.
You worshipped Okawaru.
Okawaru was greatly pleased with you.
You visited 2 branches of the dungeon, and saw 10 of its levels.

You collected 460 gold pieces.

Inventory:

Hand Weapons
 a - a +0 flail
 d - a +0 morningstar
 I - a +2 vampiric demon trident (weapon)
Missiles
 m - 4 boomerangs
 r - 6 curare-tipped darts
 y - 8 poisoned darts
 A - 3 throwing nets (quivered)
 C - 5 javelins
Armour
 c - a +0 buckler (worn)
 h - a +0 chain mail (worn)
 H - the +1 helmet of Ymoh (worn) {rN++ Int+3 Dex+3}
   (You found it on level 6 of the Dungeon)

   Int:       It affects your intelligence (+3).
   Dex:       It affects your dexterity (+3).
   rN:        It greatly protects you from negative energy.
Jewellery
 e - a ring of ice
 g - a ring of willpower (right hand)
 G - a ring of magical power
 J - a ring of positive energy (left hand)
 K - a ring of wizardry
Wands
 E - a wand of mindburst (17)
Scrolls
 f - a scroll of fog
 k - a scroll of torment {unknown}
 l - 2 scrolls of vulnerability
 p - a scroll of fear {unknown}
 q - 5 scrolls of teleportation
 t - a scroll of butterflies {unknown}
 u - 4 scrolls of amnesia {unknown}
 w - 3 scrolls of immolation {unknown}
 x - 3 scrolls of enchant armour {unknown}
Potions
 b - 4 potions of brilliance
 i - 2 potions of flight
 j - 3 potions of magic
 n - 5 potions of curing
 o - a potion of might
 s - 2 potions of berserk rage
 v - 4 potions of mutation
 z - 2 potions of attraction
 B - 4 potions of haste
 D - 3 potions of lignification {unknown}
 F - a potion of resistance


   Skills:
 + Level 9.1 Fighting
 - Level 7.0 Maces & Flails
 * Level 7.8 Polearms
 - Level 6.2 Armour
 - Level 4.0 Shields
 - Level 2.0 Invocations


You had 9 spell levels left.
You didn't know any spells.
Your spell library contained the following spells:

 Spells                   Type           Power      Damage    Failure   Level
 Necrotise                Necr           0%         1d4       95%         1
 Sandblast                Erth           0%         2d4       95%         1
 Sting                    Tmut/Pois      0%         1d3       95%         1
 Ensorcelled Hibernation  Hex/Ice        0%         N/A       99%         2
 Passwall                 Tmut/Erth      0%         N/A       99%         2
 Poisonous Vapours        Pois/Air       0%         N/A       99%         2
 Stone Arrow              Conj/Erth      0%         3d7       100%        3
 Swiftness                Air            0%         N/A       100%        3
 Vampiric Draining        Necr           0%         2d6       100%        3
 Vhi's Electric Charge    Tloc/Air       0%         N/A       100%        3
 Olgreb's Toxic Radiance  Pois           0%         N/A       100%        4
 Agony                    Necr           0%         N/A       100%        5
 Arcjolt                  Conj/Air       0%         1d10      100%        5
 Maxwell's Capacitive Co  Air            0%         ∞         100%        8


Dungeon Overview and Level Annotations

Branches:
Dungeon (9/15)             Temple (1/1) D:4
   Lair: D:8-11         Orc: D:9-12

Altars:
Cheibriados
Dithmenos
Elyvilon
Gozag
Kikubaaqudgha
Makhleb
Nemelex Xobeh
Okawaru
Qazlal
Ru
Sif Muna
Trog
Uskayaw
Vehumet
Wu Jian
Xom
Yredelemnul
Zin
The Shining One
Lugonu

Shops:
D:4 (


Innate Abilities, Weirdness & Mutations

You are immune to sickness and miasma.
Your stone body is resilient. (AC +7)
You are immune to poison.
You resist negative energy. (rN+)
You are resistant to electric shocks. (rElec)
You are resistant to unholy torment.
You are immune to petrification.


Message History

The komodo dragon is lightly wounded.
The komodo dragon bites you!
You barely miss the komodo dragon.
The komodo dragon is lightly wounded.
The komodo dragon bites you.
You barely miss the komodo dragon.
The komodo dragon is lightly wounded.
The komodo dragon bites you!!
You puncture the komodo dragon!
The komodo dragon is moderately wounded.
The komodo dragon bites you but does no damage.
You impale the komodo dragon!!
The komodo dragon is severely wounded.
You block the komodo dragon's attack.
You hit the komodo dragon.
The komodo dragon is severely wounded.
The komodo dragon closely misses you.
You hit the komodo dragon.
You feel better.
The komodo dragon is almost dead.
A red ugly thing comes into view.
The komodo dragon bites you!
You closely miss the komodo dragon.
The komodo dragon is almost dead.
The red ugly thing gurgles horribly!
The komodo dragon bites you but does no damage.
You hit the komodo dragon but do no damage.
The komodo dragon is almost dead.
You block the komodo dragon's attack.
As you read the scroll of teleportation, it crumbles to dust.
You feel strangely unstable. The komodo dragon bites you!
* * * LOW HITPOINT WARNING * * *
You hit the komodo dragon but do no damage.
The komodo dragon is almost dead.
The komodo dragon bites you but does no damage.
The red ugly thing tentacle-slaps you but does no damage.
The red ugly thing attacks as you move away!
The red ugly thing tentacle-slaps you.
* * * LOW HITPOINT WARNING * * *
You are engulfed in flames!
You die...

................
######.######## #†# #.#
#.# #.#
#######.##############
.................u...##
................@l....#
.##################...$.
... .


You could see a red ugly thing and a komodo dragon.

Vanquished Creatures
  Pikel (D:7)
  Sigmund (D:6)
  Menkaure (D:6)
  2 water moccasins
  2 black bears
  An orc warrior (D:9)
  A sky beast (D:6)
  An ice beast (D:7)
  An ogre (D:4)
  4 centaurs
  4 lemures (D:7)
  A kobold brigand (D:9)
  3 bullfrogs
  A phantom (D:4)
  3 necrophages
  2 scorpions
  18 wights
  3 hounds
  2 jellies
  2 orc priests
  A gnoll bouda (D:7)
  4 iguanas
  5 orc wizards
  4 gnolls
  7 adders
  A shadow imp (D:7)
  2 white imps
  An ufetubus (D:6)
  A worm (D:4)
  2 dart slugs
  28 orcs
  4 bats
  5 endoplasms
  5 giant cockroaches
  8 goblins
  7 hobgoblins
  6 jackals (D:3)
  13 kobolds
  A quokka (D:4)
  5 ball pythons
  3 frilled lizards
  5 rats
172 creatures vanquished.

Vanquished Creatures (others)
  A demonic plant (Temple)
  30 plants (D:9)
31 creatures vanquished.

Grand Total: 203 creatures vanquished

Notes
Turn   | Place    | Note
-------+----------+-------------------------------------------
     0 | D:1      | Illumine the Gargoyle Fighter began the quest for the Orb.
     0 | D:1      | Reached XP level 1. HP: 14/14 MP: 1/1
     2 | D:1      | Noticed a troll
     4 | D:1      | Noticed a vine stalker
     6 | D:1      | Noticed a felid
     6 | D:1      | Noticed an octopode
     8 | D:1      | Noticed a tengu
     8 | D:1      | Noticed a demigod
    10 | D:1      | Noticed a meteoran
    10 | D:1      | Noticed a demonspawn
    12 | D:1      | Noticed a vampire
    12 | D:1      | Noticed an elf
    14 | D:1      | Noticed a naga
    14 | D:1      | Noticed a spriggan
    16 | D:1      | Noticed a gargoyle
    16 | D:1      | Noticed a human
    18 | D:1      | Noticed a merfolk
    20 | D:1      | Noticed a draconian
    20 | D:1      | Noticed an ogre
    22 | D:1      | Noticed a ghoul
    22 | D:1      | Noticed a minotaur
    24 | D:1      | Noticed a formicid
    24 | D:1      | Noticed a spriggan
    26 | D:1      | Noticed a merfolk
    26 | D:1      | Noticed a spriggan
    99 | D:1      | Reached XP level 2. HP: 19/19 MP: 2/2
   704 | D:2      | Reached XP level 3. HP: 23/23 MP: 3/3
   962 | D:2      | Reached XP level 4. HP: 26/29 MP: 4/4
  1560 | D:3      | Reached skill level 4 in Fighting
  1674 | D:3      | Reached XP level 5. HP: 32/33 MP: 5/5
  1825 | D:3      | Found a sparkling altar of Nemelex Xobeh.
  2161 | D:3      | Found a white marble altar of Elyvilon.
  2161 | D:3      | Found a glowing silver altar of Zin.
  2161 | D:3      | Found a glowing golden altar of the Shining One.
  2417 | D:4      | Found Leraisku's Weapon Shoppe.
  2484 | D:4      | Found a staircase to the Ecumenical Temple.
  2495 | Temple   | Entered the Ecumenical Temple
  2587 | Temple   | Became a worshipper of Warmaster Okawaru
  2791 | D:4      | Reached XP level 6. HP: 39/39 MP: 6/6
  2813 | D:4      | Found a radiant altar of Vehumet.
  3022 | D:4      | Reached * piety under Okawaru
  3251 | D:5      | Entered Level 5 of the Dungeon
  3258 | D:5      | Reached skill level 5 in Maces & Flails
  3335 | D:5      | Found a sacrificial altar of Ru.
  3363 | D:5      | Reached skill level 5 in Fighting
  3363 | D:5      | Reached skill level 5 in Armour
  3363 | D:5      | Reached XP level 7. HP: 39/44 MP: 7/7
  3941 | D:6      | Reached XP level 8. HP: 51/51 MP: 8/8
  3956 | D:6      | Identified the +1 helmet of Ymoh {rN++ Int+3 Dex+3}
  4023 | D:6      | Noticed Menkaure
  4030 | D:6      | Killed Menkaure
  4030 | D:6      | Reached ** piety under Okawaru
  4031 | D:6      | Reached skill level 1 in Invocations
  4074 | D:6      | Noticed Sigmund
  4080 | D:6      | Killed Sigmund
  4081 | D:6      | Reached skill level 6 in Fighting
  4251 | D:6      | Reached skill level 1 in Polearms
  4648 | D:5      | Reached XP level 9. HP: 56/56 MP: 10/10
  4694 | D:5      | Reached *** piety under Okawaru
  4695 | D:5      | Reached skill level 7 in Fighting
  4834 | D:5      | Found a bloodstained altar of Trog.
  5351 | D:7      | Found an opulent altar of Gozag.
  5425 | D:7      | Reached skill level 5 in Polearms
  5535 | D:7      | Reached skill level 8 in Fighting
  5718 | D:7      | Found a burning altar of Makhleb.
  5759 | D:7      | Reached **** piety under Okawaru
  5870 | D:7      | Noticed Pikel
  5885 | D:7      | Killed Pikel
  6074 | D:7      | Reached XP level 10. HP: 61/65 MP: 11/11
  6539 | D:8      | Found a shimmering blue altar of Sif Muna.
  6878 | D:8      | Reached skill level 9 in Fighting
  7120 | D:9      | HP: 3/99 [orc warrior/+0 mace (6)]
  7312 | D:9      | Found a shadowy altar of Dithmenos.
  7556 | D:9      | Noticed a red ugly thing
  7561 | D:9      | Mangled by a red ugly thing

Illustrated notes

Levels and vault maps discovered:
D:1:      kb_arrival_jail, layout_basic, minmay_heptomino_d4
D:2:      layout_loops_ring
D:3:      layout_basic, good_gods_mini_temple, nemelex_altar_shiori
D:4:      layout_basic, mainiacjoe_overflow_alcove_1, minmay_temple_entry_waves,
          serial_shops, nicolae_shop_bloodbath_and_beyond,
          roderic_serpentine_path, cheibrodos_gnoll_hut
D:5:      layout_cave_pools, mainiacjoe_overflow_catwalk_spiral
D:6:      layout_loops_ring, uniq_sigmund, uniq_menkaure
D:7:      layout_gridville, mainiacjoe_overflow_small_starburst,
          makhleb_grotto_becter, uniq_pikel
D:8:      layout_rooms, led_sif_book, eino_tiny_chamber
D:9:      layout_long_grid, nicolae_dithmenos_the_darkroom, david_lair_shrubbed
Temple:   kb_corrupted_temple

Skill      XL: |  1  2  3  4  5  6  7  8  9 10 |
---------------+-------------------------------+-----
Maces & Flails | 3 4 5 6 7 |  7.0
Shields        | 4 |  4.0
Fighting       | 4 5 6 8 9 |  9.1
Armour         | 4 5 6 |  6.2
Invocations    | 2 |  2.0
Polearms       | 3 6 7 |  7.8

Action                     |  1- 3 |  4- 6 |  7- 9 | 10-12 || total
---------------------------+-------+-------+-------+-------++-------
  Melee: Flail             |   107 |   217 |    97 |       ||   421
         Demon trident     |       |       |   189 |   131 ||   320
  Throw: Dart              |       |     2 |     3 |       ||     5
         Throwing net      |       |       |     2 |     1 ||     3
         Javelin           |       |       |     1 |       ||     1
 Invoke: Heroism           |       |       |       |     1 ||     1
    Use: Potion            |       |       |     1 |     1 ||     2
         Scroll            |       |       |    11 |     2 ||    13
   Stab: Held in net/web   |       |       |     3 |       ||     3
 Armour: Scale mail        |     5 |       |       |       ||     5
         Chain mail        |    71 |   137 |   151 |    61 ||   420
  Dodge: Dodged            |    40 |    84 |    92 |    43 ||   259
  Block: Buckler           |    28 |    49 |    63 |    17 ||   157

Table legend: (Time is in decaauts)
 A = Elapsed time spent in this place.
 B = Non-inter-level travel time spent in this place.
 C = Inter-level travel time spent in this place.
 D = Time resting spent in this place.
 E = Time spent auto-exploring this place.
 F = Levels seen in this place.
 G = Mean time per level.
                   A        B        C        D        E       F      G
               +--------+--------+--------+--------+--------+-----+--------+
         Total |   7692 |   7451 |    241 |    809 |   4873 |  10 |  769.2 |
       Dungeon |   7581 |   7357 |    224 |    809 |   4799 |   9 |  842.3 |
        Temple |    111 |     94 |     17 |      0 |     74 |   1 |  111.0 |
               +--------+--------+--------+--------+--------+-----+--------+

Top non-repeatable levels by time:
     D:7: 1218 daAuts
     D:6: 1101 daAuts
     D:3: 1050 daAuts
     D:5: 958 daAuts
     D:4: 755 daAuts
     D:1: 716 daAuts
     D:2: 707 daAuts
     D:8: 560 daAuts
     D:9: 513 daAuts
  Temple: 111 daAuts
